 Dungeon Crawl Stone Soup version 0.29-a0-453-gf113fcf677 (webtiles) character file.

Game seed: 483125606533056041

14932 Kenran the Spear-Bearer (level 11, -11/135 HPs)
             Began as a Vampire Berserker on May 20, 2022.
             Was an Elder of Trog.
             Mangled by a culicivora (17 damage)
             ... on level 1 of the Lair of Beasts.
             The game lasted 00:21:53 (11027 turns).

Kenran the Spear-Bearer (Vampire Berserker)        Turns: 11027, Time: 00:21:54

Health: -11/135    AC: 27    Str: 20    XL:     11   Next: 95%
Magic:  11/11      EV:  5    Int: 11    God:    Trog [****..]
Gold:   769        SH:  9    Dex: 13    Spells: 10/10 levels left

rFire   + . .      SeeInvis +   a - +0 trident (venom)
rCold   . . .      Faith    .   h - +0 kite shield
rNeg    . . .      Spirit   .   F - +7 plate armour {Will+}
rPois   .          Reflect  .   i - +2 helmet
rElec   .          Harm     .   (no cloak)
rCorr   .          Rampage  .   l - +1 pair of gloves
Will    ++++.                   b - +1 pair of boots
Stlth   ..........              (no amulet)
HPRegen 1.52/turn               e - ring of protection from fire
MPRegen 0.12/turn               B - +4 ring of slaying

@: berserking (expiring), strong-willed, regenerating, very quick
A: alive, fangs 3, see invisible, vampiric 2
a: Exsanguinate, Renounce Religion, Berserk, Trog's Hand, Brothers in Arms


You were on level 1 of the Lair of Beasts.
You worshipped Trog.
Trog was greatly pleased with you.
You visited 2 branches of the dungeon, and saw 12 of its levels.
You also visited: Ossuary.

You collected 769 gold pieces.

Inventory:

Hand Weapons
 a - a +0 trident of venom (weapon)
Armour
 b - a +1 pair of boots (worn)
 h - a +0 kite shield (worn)
 i - a +2 helmet (worn)
 l - a +1 pair of gloves (worn)
 F - a +7 plate armour of willpower (worn)
 H - a +0 pair of gloves of infusion
Jewellery
 e - a ring of protection from fire (left hand)
 u - a ring of positive energy
 B - a +4 ring of slaying (right hand)
 E - a +4 ring of evasion
 L - a ring of protection from cold
Wands
 g - a wand of charming (6)
 C - a wand of flame (49)
 G - a wand of polymorph (4)
 J - a wand of digging (5)
 M - a wand of iceblast (3)
Scrolls
 c - 2 scrolls of fear
 f - 6 scrolls of poison {!r}
 k - 2 scrolls of magic mapping
 r - a scroll of summoning
 s - 5 scrolls of teleportation
 w - a scroll of blinking
 x - 2 scrolls of enchant weapon
 y - 2 scrolls of fog
 z - 2 scrolls of vulnerability {unknown}
 A - a scroll of brand weapon
 D - 2 scrolls of amnesia {unknown}
Potions
 d - 2 potions of haste {unknown}
 j - 2 potions of attraction {!q}
 m - 4 potions of mutation {!q}
 n - 3 potions of might
 o - 2 potions of cancellation {unknown}
 p - 4 potions of heal wounds {@q2}
 q - 2 potions of flight
 t - 3 potions of magic {unknown}
 v - 4 potions of curing {@q1}
 I - a potion of brilliance {unknown}
 K - a potion of invisibility {unknown}


   Skills:
 - Level 10.0 Fighting
 + Level 13.7 Polearms
 - Level 6.0 Armour
 - Level 2.1 Dodging
 - Level 4.0 Shields
 - Level 3.0 Evocations


You had 10 spell levels left.
You didn't know any spells.
Your spell library was empty.

Dungeon Overview and Level Annotations

Branches:
Dungeon (10/15)            Temple (0/1) D:6            Lair (2/6) D:10
 Spider (0/4) Lair:2          Orc (0/2) D:9         Ossuary (visited)
  Swamp: Lair:2-4    Shoals: Lair:2-4

Altars:
Dithmenos
Gozag
Okawaru
Vehumet
Wu Jian
Xom

Shops:
D:8 :   D:9 [

Annotations:
D:6 3 runed translucent doors, Bruhh's ghost, novice BaIE
Lair:2 3 runed translucent doors


Innate Abilities, Weirdness & Mutations

Your natural rate of healing is accelerated.
You have razor-sharp teeth.
You have supernaturally acute eyesight. (SInv)
You are afflicted with vampirism and can become a bat while bloodless.


Message History

You completely miss the culicivora.
The culicivora is moderately wounded.
The culicivora barely misses you. The culicivora bites you.
* * * LOW HITPOINT WARNING * * *
The culicivora draws strength from your injuries!
You impale the culicivora!!
The culicivora looks as sick as possible!
The culicivora is almost dead.
The culicivora is healed somewhat.
You puncture the culicivora!
The culicivora is almost dead.
You kill the culicivora!
Trog accepts your kill. The culicivora bites you.
* * * LOW HITPOINT WARNING * * *
The culicivora draws strength from your injuries!
The culicivora bites you but does no damage.
You miss the culicivora. The culicivora barely misses you.
You block the culicivora's attack.
You closely miss the culicivora.
The culicivora bites you but does no damage.
You block the culicivora's attack.
You puncture the culicivora!
The culicivora is poisoned.
The culicivora is moderately wounded.
You miss the culicivora.
The culicivora is heavily wounded.
The culicivora bites you but does no damage. x2
You puncture the culicivora!
The culicivora looks as sick as possible!
The culicivora is severely wounded.
The culicivora bites you!
* * * LOW HITPOINT WARNING * * *
The culicivora draws strength from your injuries!
The culicivora is healed somewhat.
You puncture the culicivora!
The culicivora looks as sick as possible!
The culicivora is heavily wounded.
You barely miss the culicivora. Your bite misses the culicivora.
The culicivora bites you!
You die...

...#
##.......##....#####........
..## #P.#......#.....#
#........ .##
##.....⌠........####........
.#
###.............##...^.....
## ##.#......##.##..........
####.#.##..⌠...######......#
#
#P#.............#.⌠.##....P#
#
#.........s....#......###..#
#
#.....⌠..⌠†@.⌠.+..>.⌠#.###..
#
##.........s..........#...#.#
###
#P.#.............#.⌠.#....#.#
..#
##...#...#..⌠..#######.......
..# #..###.......##
#........... ..##
#..#........## ##...........
#..###......⌠...###
#............
...##.............#
##........##.
##............##..#
#......#####.


You could see 2 culicivoras.

Vanquished Creatures
  A hydra (Lair:1)
  Erica (D:10)
  2 two-headed ogres
  Pikel (D:8)
  A cyclops (D:8)
  Joseph (D:7)
  A black mamba (Lair:1)
  4 elephants
  Maggie (D:7)
  3 cane toads
  A komodo dragon (Lair:1)
  A rime drake (Lair:1)
  Prince Ribbit (D:7)
  A hornet (D:8)
  Grinder (D:4)
  2 shadows (D:10)
  Sigmund (D:4)
  A culicivora (Lair:1)
  6 yaks (Lair:1)
  3 wraiths
  A wyvern (D:7)
  3 steam dragons
  2 vampire mosquitoes (D:10)
  A basilisk (D:9)
  An acid dragon (D:9)
  Edmund (D:4)
  3 water moccasins (Lair:1)
  An orc warrior (D:7)
  An ice beast (D:7)
  An ogre (D:5)
  4 centaurs
  4 lemures (D:8)
  2 phantoms
  A kobold brigand (D:4)
  2 necrophages (D:6)
  11 bullfrogs
  A gnoll sergeant (D:10)
  A scorpion (D:5)
  11 wights
  12 killer bees
  6 howler monkeys
  A centaur zombie (Ossuary)
  3 hounds
  3 orc priests
  3 jellies
  2 human zombies (Ossuary)
  3 iguanas
  6 orc wizards
  5 mummies (Ossuary)
  9 gnolls
  6 adders
  10 river rats (D:6)
  4 white imps
  2 ufetubi
  A worm (D:2)
  3 dart slugs
  23 orcs
  7 ball pythons
  5 endoplasms
  2 giant cockroaches
  4 gnoll zombies (Ossuary)
  7 hobgoblins
  7 quokkas (D:6)
  6 bats
  3 frilled lizards
  16 kobolds
  A kobold zombie (Ossuary)
  24 rats
270 creatures vanquished.

Vanquished Creatures (others)
  2 fungi
  3 plants
5 creatures vanquished.

Grand Total: 275 creatures vanquished

Notes
Turn   | Place    | Note
-------+----------+-------------------------------------------
     0 | D:1      | Kenran the Vampire Berserker began the quest for the Orb.
     0 | D:1      | Reached XP level 1. HP: 17/17 MP: 1/1
     6 | D:1      | Noticed a polar bear
     6 | D:1      | Noticed a redback
     7 | D:1      | Noticed a wyvern
    34 | D:1      | Reached skill level 3 in Polearms
    89 | D:1      | Found a faded altar of an unknown god.
   179 | D:1      | Reached XP level 2. HP: 23/23 MP: 2/2
  1137 | D:2      | Found a shimmering altar of Xom.
  1190 | D:2      | Gained mutation: You are afflicted with vampirism and can
                  | become a bat while bloodless. [Vampire growth]
  1190 | D:2      | Reached XP level 3. HP: 25/28 MP: 3/3
  1269 | D:2      | Reached skill level 4 in Polearms
  1332 | D:2      | Reached XP level 4. HP: 34/34 MP: 4/4
  1752 | D:3      | Reached ** piety under Trog
  1847 | D:3      | Found an iron altar of Okawaru.
  2265 | D:4      | Noticed a phantom
  2327 | D:4      | Noticed Edmund
  2347 | D:4      | Reached skill level 11 in Polearms
  2347 | D:4      | Reached XP level 5. HP: 17/41 MP: 5/5
  2361 | D:4      | HP: 2/41 [Edmund/+2 dire flail of protection (9)]
  2389 | D:4      | Killed Edmund
  2390 | D:4      | Reached XP level 6. HP: 22/47 MP: 6/6
  2549 | D:4      | Noticed Grinder
  2573 | D:4      | Killed Grinder
  2574 | D:4      | Reached XP level 7. HP: 55/55 MP: 7/7
  2595 | D:4      | You fall into a shaft and drop 1 floor!
  2595 | D:5      | Entered Level 5 of the Dungeon
  2730 | D:5      | Reached skill level 5 in Fighting
  2741 | D:5      | Found a sand-covered staircase.
  2796 | Ossuary  | Entered an ossuary
  3285 | D:5      | Reached *** piety under Trog
  3286 | D:5      | Reached XP level 8. HP: 62/62 MP: 8/8
  3431 | D:4      | Noticed Sigmund
  3508 | D:4      | Killed Sigmund
  4199 | D:6      | Found a runed translucent gate.
  4199 | D:6      | Found a runed translucent gate.
  4200 | D:6      | Found a runed translucent gate.
  4201 | D:6      | Found an opulent altar of Gozag.
  4205 | D:6      | Noticed Bruhh's ghost (novice BaIE)
  4488 | D:6      | Found a staircase to the Ecumenical Temple.
  4797 | D:6      | Reached XP level 9. HP: 69/69 MP: 9/9
  4817 | D:6      | Reached **** piety under Trog
  5177 | D:6      | Reached skill level 12 in Polearms
  5380 | D:7      | Reached skill level 1 in Shields
  5466 | D:7      | Noticed Maggie
  5480 | D:7      | Killed Maggie
  5570 | D:7      | Found an ornate altar of the Wu Jian Council.
  5833 | D:7      | Noticed Prince Ribbit
  5849 | D:7      | Killed Prince Ribbit
  6040 | D:7      | Noticed Joseph
  6060 | D:7      | Killed Joseph
  6180 | D:7      | Found a shadowy altar of Dithmenos.
  6318 | D:8      | Reached XP level 10. HP: 77/77 MP: 10/10
  6682 | D:8      | Noticed Pikel
  6694 | D:8      | Killed Pikel
  6801 | D:8      | Noticed a two-headed ogre
  6811 | D:8      | Killed a two-headed ogre
  6812 | D:8      | Reached skill level 5 in Armour
  6966 | D:8      | Noticed a cyclops
  6978 | D:8      | Killed a cyclops
  7246 | D:8      | Found Fant's Book Shoppe.
  7818 | D:9      | Reached skill level 1 in Evocations
  7964 | D:9      | Found a radiant altar of Vehumet.
  8153 | D:9      | Found Rein's Armour Emporium.
  8495 | D:9      | Found a staircase to the Orcish Mines.
  8917 | D:10     | Entered Level 10 of the Dungeon
  8959 | D:10     | Noticed a two-headed ogre
  8969 | D:10     | Killed a two-headed ogre
  8970 | D:10     | Reached XP level 11. HP: 87/87 MP: 11/11
  9179 | D:10     | Noticed Erica
  9192 | D:10     | Killed Erica
  9294 | D:10     | Found a staircase to the Lair.
  9634 | Lair:1   | Entered Level 1 of the Lair of Beasts
 10189 | Lair:1   | Reached skill level 13 in Polearms
 10463 | Lair:1   | Noticed a six-headed hydra
 10473 | Lair:1   | Killed a six-headed hydra
 10816 | Lair:2   | Found a runed translucent gate.
 10816 | Lair:2   | Found a runed translucent gate.
 10816 | Lair:2   | Found a runed translucent gate.
 10865 | Lair:2   | Reached skill level 10 in Fighting
 10993 | Lair:2   | Found a hole to the Spider Nest.
 11025 | Lair:1   | HP: 5/135 [culicivora (8)]
 11027 | Lair:1   | Mangled by a culicivora

Illustrated notes

Levels and vault maps discovered:
D:1:      onia_arrival_zoo_common, layout_basic,
          dilly_ecumenical_altar_fadedgnrine
D:2:      layout_loops_cross, basic_altar
D:3:      layout_basic, mainiacjoe_overflow_six_doors_small
D:4:      cheibrodos_thug_alley, layout_rooms, uniq_sigmund, uniq_edmund,
          uniq_grinder
D:5:      layout_basic, enter_ossuary_1, nrook_loot_triangle
D:6:      lemuel_ratsnest, layout_loops_corners, minmay_temple_entry_mini_moons,
          ebering_ghost_gozag
D:7:      layout_loops_ring, grunt_dithmenos_smoke_and_mirrors,
          nicolae_wu_jian_immortal_techniques, uniq_prince_ribbit1, uniq_joseph,
          uniq_maggie
D:8:      layout_basic, serial_shops, shop, nrook_mini_vaults, minmay_between,
          uniq_pikel
D:9:      layout_grid_maze, vehumet_altar_wand_db, orc_0_dummy, serial_shops,
          shop
D:10:     layout_roguey, dpeg_oklobed_lair, uniq_erica
Lair:1:   layout_cave_pods, grunt_megastairs_3
Lair:2:   gammafunk_indiana_jones, layout_regular_city,
          hellmonk_spider_entry_life_and_decay, gammafunk_ghost_necromancy

Skill      XL: |  1  2  3  4  5  6  7  8  9 10 11 |
---------------+----------------------------------+-----
Polearms       | 3 4 11 12 13 | 13.7
Fighting       | 3 4 5 6 8 10 | 10.0
Armour         | 2 3 4 6 |  6.0
Shields        | 4 |  4.0
Evocations     | 2 3 |  3.0
Dodging        | |  2.1

Action                   |  1- 3 |  4- 6 |  7- 9 | 10-12 || total
-------------------------+-------+-------+-------+-------++-------
Melee: Spear             |    89 |   151 |   160 |       ||   400
       Bite              |     5 |    17 |    64 |    61 ||   147
       Trident           |       |       |   366 |   509 ||   875
Invok: Berserk           |     1 |     2 |     7 |    11 ||    21
       Trog's Hand       |       |     2 |     2 |     1 ||     5
  Use: Scroll            |       |     4 |    11 |     7 ||    22
       Potion            |       |     5 |     2 |       ||     7
 Stab: Sleeping          |     2 |       |       |       ||     2
Armor: Animal skin       |     6 |       |       |       ||     6
       Chain mail        |     4 |   105 |   173 |    15 ||   297
       Plate armour      |       |       |       |   234 ||   234
Dodge: Dodged            |    16 |    30 |    94 |   132 ||   272
Block: Kite shield       |     2 |    52 |   114 |   195 ||   363

Table legend: (Time is in decaauts)
 A = Elapsed time spent in this place.
 B = Non-inter-level travel time spent in this place.
 C = Inter-level travel time spent in this place.
 D = Time resting spent in this place.
 E = Time spent auto-exploring this place.
 F = Levels seen in this place.
 G = Mean time per level.
                   A        B        C        D        E       F      G
               +--------+--------+--------+--------+--------+-----+--------+
         Total |  11052 |  10567 |    485 |   1413 |   6810 |  13 |  850.2 |
       Dungeon |   9398 |   8955 |    443 |   1091 |   5981 |  10 |  939.8 |
          Lair |   1381 |   1339 |     42 |    299 |    756 |   2 |  690.5 |
       Ossuary |    272 |    272 |      0 |     22 |     72 |   1 |  272.0 |
               +--------+--------+--------+--------+--------+-----+--------+

Top non-repeatable levels by time:
     D:8: 1524 daAuts
  Lair:1: 1267 daAuts
     D:6: 1182 daAuts
     D:9: 1125 daAuts
     D:7: 940 daAuts
     D:2: 863 daAuts
     D:1: 860 daAuts
     D:5: 837 daAuts
    D:10: 735 daAuts
     D:3: 703 daAuts
     D:4: 625 daAuts
 Ossuary: 272 daAuts
  Lair:2: 114 daAuts
